 Dungeon Crawl Stone Soup version 0.32-a0-999-gfa1cc04b1d (webtiles) character file.

Game seed: 2915765095753186711

20170 protoss039 the Fighter (level 12, -3/105 HPs)
             Began as a Demonspawn Earth Elementalist on Apr 24, 2024.
             Was a Believer of Vehumet.
             Slain by a +4 long sword (13 damage)
             ... on level 14 of the Dungeon.
             The game lasted 00:38:08 (16073 turns).

protoss039 the Fighter (DsEE)                      Turns: 16073, Time: 00:38:09

Health: -3/105     AC:  7    Str:  8    XL:     12   Next: 43%
Magic:  20/28      EV: 12    Int: 25    God:    Vehumet [**....]
Gold:   787        SH:  0    Dex: 19    Spells: 17/35 levels left

rFire   + . .        N - +2 whip (venom)
rCold   + . .        (no shield)
rNeg    . . .        e - +2 robe {rC+ rF+}
rPois   .            y - +2 helmet {Int+3}
rElec   .            J - scarf {repulsion}
rCorr   .            (gloves unavailable)
SInv    .            (no boots)
Will    .....        (no amulet)
Stlth   +++          z - +6 ring of dexterity
HPRegen 0.37/turn    q - +4 ring of slaying
MPRegen 0.21/turn

%: repel missiles
@: mighty
A: powered by pain 2, demonic touch 3
a: Renounce Religion


You were on level 14 of the Dungeon.
You worshipped Vehumet.
Vehumet was pleased with you.
You visited 2 branches of the dungeon, and saw 15 of its levels.

You collected 963 gold pieces.
You spent 176 gold pieces at shops.

Inventory:

Hand Weapons
 L - the +9 flail of Calamity {flame, rPois Str+3}
   (You found it on level 7 of the Dungeon)

   Str+3:     It affects your strength (+3).
   rPois:     It protects you from poison.
 N - a +2 whip of venom (weapon)
 O - a +4 trident of flaming
Missiles
 f - 20 poisoned darts
 k - 2 throwing nets
Armour
 e - a +2 robe of resistance (worn)
 y - a +2 helmet of intelligence (worn)
 H - +1 steam dragon scales
 J - a scarf of repulsion (worn)
Magical Staves
 c - a staff of fire
 C - a staff of cold
Jewellery
 h - a ring of ice
 l - a ring of poison resistance
 q - a +4 ring of slaying (right hand)
 z - a +6 ring of dexterity (left hand)
 I - a +6 ring of dexterity
Wands
 b - a wand of charming (5)
 A - a wand of warping (3)
 K - a wand of polymorph (13)
Scrolls
 d - 3 scrolls of summoning
 i - 2 scrolls of enchant weapon
 m - 5 scrolls of teleportation
 r - 4 scrolls of poison
 t - 2 scrolls of immolation
 B - 3 scrolls of fear
 Q - a scroll of blinking
Potions
 g - a potion of berserk rage {unknown}
 n - a potion of magic
 o - 3 potions of curing
 s - a potion of lignification {unknown}
 u - a potion of degeneration {unknown}
 v - 3 potions of mutation
 w - 4 potions of might
 x - 2 potions of enlightenment {unknown}
 D - a potion of ambrosia {unknown}
 G - 2 potions of brilliance


   Skills:
 + Level 13.1 Fighting
 - Level 3.0 Armour
 - Level 3.0 Dodging
 - Level 3.0 Stealth
 + Level 12.2 Spellcasting
 - Level 3.0 Conjurations
 - Level 3.0 Fire Magic
 - Level 6.0 Earth Magic
 - Level 3.0 Evocations


You had 17 spell levels left.
You knew the following spells:

 Your Spells              Type           Power      Damage    Failure   Level
a - Sandblast             Erth           90%        2d19      1%          1
b - Passwall              Erth           45%        N/A       1%          3
c - Stone Arrow           Conj/Erth      74%        3d11      1%          3
d - Scorch                Fire           60%        2d7       1%          2
g - Mephitic Cloud        Conj/Alch/Air  20%        N/A       8%          3
j - Bombard               Conj/Erth      18%        9d4       67%         6

Your spell library contained the following spells:

 Spells                   Type           Power      Damage    Failure   Level
 Frozen Ramparts          Ice            30%        1d5       12%         3
 Sting                    Conj/Alch      88%        1d8       2%          1
 Momentum Strike          Conj/Tloc      44%        3d9       3%          2
 Apportation              Tloc           30%        N/A       4%          1
 Necrotise                Necr           60%        1d7       4%          1
 Summon Small Mammal      Summ           60%        N/A       4%          1
 Blink                    Tloc           30%        N/A       6%          2
 Jinxbite                 Hex            30%        N/A       6%          2
 Lesser Beckoning         Tloc           30%        N/A       6%          2
 Dazzling Flash           Conj/Hex       44%        N/A       6%          3
 Brom's Barrelling Bould  Conj/Erth      37%        2d6       6%          4
 Flame Wave               Conj/Fire      30%        2d9       12%         4
 Petrify                  Alch/Erth      30%        N/A       12%         4
 Alistair's Intoxication  Alch           10%        N/A       73%         5
 Silence                  Hex/Air        7%         N/A       73%         5
 Summon Cactus Giant      Summ           7%         N/A       99%         6
 Seismic Cannonade        Alch/Erth      15%        6d7       100%        7


Dungeon Overview and Level Annotations

Branches:
Dungeon (15/15) Zot: 26982  Temple (1/1) D:6 Zot: 5942    Lair (0/5) D:11
 Depths (0/4) D:15
    Orc: D:9-12      Vaults: D:13-14

Altars:
Ashenzari
Cheibriados
Dithmenos
Fedhas
Gozag
Hepliaklqana
Kikubaaqudgha
Makhleb
Nemelex Xobeh
Okawaru
Qazlal
Ru
Sif Muna
Trog
Uskayaw
Vehumet
Wu Jian
Xom
Yredelemnul

Shops:
D:12 =*:(

Annotations:
D:6 3 runed translucent doors, ThereIsNoGod's ghost, novice OpFi


Innate Abilities, Weirdness & Mutations

You sometimes gain power by taking damage.
Your touch may irresistibly damage your foes and sap their willpower.


Message History

You whack the arcanist!
The arcanist is poisoned.
The arcanist is moderately wounded.
The arcanist is engulfed in noxious fumes.
The arcanist casts a spell at you.
The lance of force is repelled.
Unknown command.
You whack the arcanist!
The arcanist looks as sick as possible!
You touch the arcanist!
You sap its willpower!
The arcanist is almost dead.
The arcanist is engulfed in noxious fumes.
The arcanist hits you with a +0 dagger.
The arcanist is engulfed in noxious fumes.
The arcanist appears confused.
The arcanist hits itself with a +0 dagger.
The arcanist is killed!
Vehumet accepts your kill.
You feel your power returning.
Casting: Mephitic Cloud (mildly dangerous; 8% risk of failure)
Confirm with . or Enter, or press ? or * to list all spells.
Aiming: Stone Arrow (safe; 1% risk of failure)
Press: ? - help, Shift-Dir - straight line, f - +4 long sword
Aim: a +4 long sword (noxious fumes, 48% to hit)
The stone arrow misses the +4 long sword.
The +4 long sword hits you!!
* * * LOW HITPOINT WARNING * * *
You focus on the pain.
You feel mightier all of a sudden.
Casting: Stone Arrow (safe; 1% risk of failure)
Confirm with . or Enter, or press ? or * to list all spells.
Aiming: Stone Arrow (safe; 1% risk of failure)
Press: ? - help, Shift-Dir - straight line, f/p - +4 long sword
Aim: a +4 long sword (noxious fumes, 48% to hit)
The stone arrow misses the +4 long sword.
The +4 long sword hits you!
* * * LOW HITPOINT WARNING * * *
You focus on the pain.
You feel your power returning.
You feel much better. The +4 long sword hits you!
* * * LOW HITPOINT WARNING * * *
The +4 long sword hits you!
You die...

.. . ..##. .
##.#.)######..
....#....###
........##
#....[.####
#......####
#.○@.......
#.§(§..####
#.°○...####
##.....##
#.....###
..........
..........
#..........


You could see a +4 long sword.

Vanquished Creatures
  Josephine (D:11)
  A centaur warrior (D:9)
  A boulder beetle (D:14)
  A two-headed ogre (D:10)
  Amaemon (D:11)
  Nergalle (D:11)
  An arcanist (D:14)
  3 ugly things
  4 cyclopes
  4 rust devils (D:10)
  A gargoyle (D:7)
  6 orange demons
  Jeremiah (D:8)
  A komodo dragon (D:11)
  3 trolls (D:11)
  Prince Ribbit (D:5)
  A hornet (D:8)
  A shadow (D:12)
  5 wraiths
  Sigmund (D:7)
  12 yaks
  A steam dragon (D:6)
  3 vampire mosquitoes (D:12)
  Edmund (D:7)
  2 chaos spawn (D:10)
  2 swamp worms (D:8)
  A water moccasin (D:6)
  2 sky beasts (D:7)
  8 orc warriors
  2 ice beasts
  3 ogres (D:5)
  A wolf (shapeshifter) (D:15)
  A phantom (D:7)
  9 centaurs
  2 kobold brigands
  2 bullfrogs
  2 scorpions (D:5)
  4 wights
  14 killer bees
  A bombardier beetle (D:7)
  4 hounds
  4 jellies
  A gnoll bouda (D:6)
  7 orc priests
  2 iguanas
  A sleepcap (D:8)
  10 orc wizards
  10 adders
  13 gnolls
  3 shadow imps (D:7)
  4 white imps
  4 ufetubi
  33 orcs
  4 bats
  5 endoplasms
  3 giant cockroaches
  5 hobgoblins
  9 jackals
  7 quokkas
  6 ball pythons
  2 frilled lizards
  7 goblins
  7 kobolds
  5 rats
268 creatures vanquished.

Vanquished Creatures (others)
  A human (D:9)
1 creature vanquished.

Grand Total: 269 creatures vanquished

Notes
Turn   | Place    | Note
-------+----------+-------------------------------------------
     0 | D:1      | protoss039 the Demonspawn Earth Elementalist began the
                  | quest for the Orb.
     0 | D:1      | Reached XP level 1. HP: 13/13 MP: 3/3
   193 | D:1      | Gained mutation: Your touch may inflict minor irresistible
                  | damage on your foes. [demonic ancestry]
   193 | D:1      | Reached XP level 2. HP: 13/20 MP: 0/5
   201 | D:1      | HP: 1/20 [hobgoblin (4)]
   370 | D:1      | Reached skill level 1 in Fighting
   831 | D:1      | Learned a level 2 spell: Scorch
   965 | D:2      | Gained mutation: Your touch may inflict irresistible damage
                  | on your foes. [demonic ancestry]
   965 | D:2      | Reached XP level 3. HP: 25/26 MP: 2/6
  1424 | D:2      | Reached skill level 1 in Fire Magic
  1683 | D:2      | Learned a level 3 spell: Passwall
  1755 | D:3      | Reached skill level 2 in Fighting
  1759 | D:3      | Reached XP level 4. HP: 25/33 MP: 8/8
  2454 | D:3      | Gained mutation: You sometimes gain a little power by
                  | taking damage. [demonic ancestry]
  2454 | D:3      | Reached XP level 5. HP: 34/39 MP: 4/9
  2464 | D:3      | Learned a level 3 spell: Stone Arrow
  3348 | D:5      | Entered Level 5 of the Dungeon
  3351 | D:5      | Noticed an ogre
  3355 | D:5      | Killed an ogre
  3356 | D:5      | Reached skill level 3 in Fighting
  3356 | D:5      | Reached XP level 6. HP: 47/47 MP: 2/11
  3934 | D:5      | Noticed Prince Ribbit
  3963 | D:5      | Noticed an ice beast
  4006 | D:5      | Gained mutation: You sometimes gain power by taking damage.
                  | [demonic ancestry]
  4006 | D:5      | Reached XP level 7. HP: 53/53 MP: 9/13
  4015 | D:5      | Killed Prince Ribbit
  4016 | D:5      | Reached skill level 4 in Fighting
  4148 | D:5      | Reached skill level 5 in Fighting
  4148 | D:5      | Reached skill level 5 in Spellcasting
  4578 | D:5      | Reached XP level 8. HP: 64/64 MP: 10/16
  4845 | D:5      | Learned a level 3 spell: Mephitic Cloud
  4937 | D:6      | Reached skill level 6 in Fighting
  5141 | D:6      | Noticed a kobold demonologist
  5143 | D:6      | Noticed ThereIsNoGod's ghost (novice OpFi)
  5445 | D:6      | Found a runed translucent gate.
  5446 | D:6      | Found a runed translucent gate.
  5448 | D:6      | Found a runed translucent gate.
  5458 | D:6      | Found a staircase to the Ecumenical Temple.
  5469 | Temple   | Entered the Ecumenical Temple
  6104 | D:6      | Reached skill level 7 in Fighting
  6312 | D:6      | Gained mutation: Your touch may irresistibly damage your
                  | foes and sap their willpower. [demonic ancestry]
  6312 | D:6      | Reached XP level 9. HP: 37/72 MP: 2/19
  6686 | D:7      | Identified the +9 flail of Calamity {flame, rPois Str+3}
  6838 | D:7      | Reached skill level 8 in Fighting
  7225 | D:7      | Noticed a cyclops
  7233 | D:7      | Killed a cyclops
  7516 | D:7      | Reached skill level 9 in Fighting
  7561 | D:7      | Noticed a gargoyle
  7566 | D:7      | Killed a gargoyle
  7845 | D:7      | Found a shimmering blue altar of Sif Muna.
  7849 | D:7      | Found a hazy altar of Hepliaklqana.
  7879 | D:7      | Noticed Sigmund
  7883 | D:7      | Killed Sigmund
  8030 | D:7      | Noticed Edmund
  8098 | D:7      | Found a radiant altar of Vehumet.
  8102 | D:7      | Became a worshipper of Vehumet
  8189 | D:7      | Reached XP level 10. HP: 81/84 MP: 8/23
  8440 | D:7      | Killed Edmund
  8561 | D:7      | Found a shadowy altar of Dithmenos.
  8770 | D:8      | Reached skill level 10 in Fighting
  9441 | D:8      | Noticed Jeremiah
 10198 | D:8      | Found an ornate altar of the Wu Jian Council.
 10247 | D:9      | Noticed a centaur warrior
 10252 | D:9      | Killed a centaur warrior
 10253 | D:9      | Reached skill level 10 in Spellcasting
 10361 | D:9      | Noticed a skeletal warrior
 10464 | D:9      | Found a stormy altar of Qazlal.
 10466 | D:9      | Found a blossoming altar of Fedhas.
 10655 | D:9      | Noticed a skeletal warrior
 10655 | D:9      | Noticed a skeletal warrior
 10655 | D:9      | Noticed a skeletal warrior
 10734 | D:8      | Killed Jeremiah
 10735 | D:8      | Reached skill level 11 in Fighting
 11269 | D:9      | Found an ancient bone altar of Kikubaaqudgha.
 11330 | D:10     | Entered Level 10 of the Dungeon
 11330 | D:10     | Noticed a two-headed ogre
 11338 | D:10     | Killed a two-headed ogre
 11344 | D:10     | Reached skill level 1 in Armour
 11344 | D:10     | Reached skill level 1 in Evocations
 11411 | D:10     | Noticed an orange demon
 11416 | D:10     | Killed an orange demon
 11483 | D:10     | Noticed a rust devil
 11483 | D:10     | Noticed an orange demon
 11493 | D:10     | Killed a rust devil
 11494 | D:10     | Reached XP level 11. HP: 87/93 MP: 10/25
 11706 | D:10     | Reached * piety under Vehumet
 11706 | D:10     | Offered knowledge of Magic Dart by Vehumet.
 13076 | D:11     | Offered knowledge of Foxfire by Vehumet.
 13206 | D:10     | Reached ** piety under Vehumet
 13300 | D:11     | Noticed Josephine
 13300 | D:11     | Noticed a white ugly thing
 13602 | D:11     | Noticed Amaemon
 13621 | D:11     | Found a staircase to the Lair.
 13802 | D:11     | Killed a white ugly thing
 13803 | D:11     | Reached skill level 5 in Earth Magic
 13921 | D:11     | Reached skill level 12 in Fighting
 14055 | D:11     | Killed Josephine
 14323 | D:11     | Noticed Nergalle
 14334 | D:11     | Killed Nergalle
 14335 | D:11     | Reached XP level 12. HP: 102/102 MP: 11/27
 14497 | D:11     | Killed Amaemon
 14879 | D:11     | Learned a level 6 spell: Bombard
 14921 | D:12     | Found Vequn's General Store.
 14926 | D:12     | Bought a scroll of teleportation for 48 gold pieces
 14926 | D:12     | Bought a potion of might for 64 gold pieces
 14926 | D:12     | Bought a potion of brilliance for 64 gold pieces
 15119 | D:12     | Found Gompuch's Antique Weapon Shop.
 15121 | D:12     | Found Laike's Book Shop.
 15253 | D:12     | Offered knowledge of Frozen Ramparts by Vehumet.
 15433 | D:12     | Found Fixziom's Jewellery Emporium.
 15842 | D:12     | You fall into a shaft and drop 3 floors!
 15842 | D:15     | Entered Level 15 of the Dungeon
 16016 | D:15     | Noticed a centaur warrior
 16056 | D:14     | Noticed a boulder beetle
 16066 | D:14     | Killed a boulder beetle
 16067 | D:14     | Reached skill level 13 in Fighting
 16072 | D:14     | HP: 3/105 [+4 long sword (13)]
 16073 | D:14     | Slain by a +4 long sword

Illustrated notes

Levels and vault maps discovered:
D:1:      heliophobic_arrival_battle_scene, layout_rooms,
          chequers_serial_rivers_micro_b
D:2:      layout_basic, minmay_misc_feat_nine_boxes
D:3:      layout_rooms, chequers_serial_rivers_micro_d
D:4:      layout_basic, dreamdust_wishing_well, corner_web_ring
D:5:      layout_cave_pools, nicolae_eternal_life, uniq_prince_ribbit1
D:6:      layout_loops_ring, minmay_temple_entry_trees, gammafunk_ghost_split
D:7:      minmay_the_grid_octo_tiled_squarecenter [minmay_the_grid_octo_chip,
          minmay_the_grid_octo_empty, minmay_the_grid_octo_77,
          minmay_the_grid_octo_horde,
          minmay_the_grid_square_5x5_megaprize_hollow,
          minmay_the_grid_square_5x5_inset,
          minmay_the_grid_square_5x5_checkered_statues,
          minmay_the_grid_square_5x5_broken_cross,
          minmay_the_grid_square_5x5_two_walls_a], layout_basic,
          marbit_many_paths, nicolae_overflow_hidden_temple,
          sigmund_edmund_badplayer
D:8:      layout_basic, nzn_wu_jian_contemplation, dk_noncrumbling_3,
          worms_lemuel, uniq_jeremiah
D:9:      layout_loops_ring, grunt_temple_overflow_forces_of_nature,
          tgw_kikubaaqudgha, minmay_orc_entry_temple_small
D:10:     layout_cave_pools, serial_demonic, serial_demonic_d, serial_demonic_e,
          serial_demonic_f, serial_demonic_a, kennysheep_pointless_box
D:11:     layout_long_grid, david_lair_shrubbed, uniq_amaemon, uniq_nergalle,
          uniq_josephine
D:12:     layout_irregular_city, serial_shops, shop, shop,
          nicolae_shop_tiny_statue_garden, nicolae_shop_just_a_little_nook
D:14:     layout_rooms, erik_vaults_1, reono_crystal_passage, special_room
          [special_room_bee]
D:15:     grunt_enter_depths_magical_seal, layout_long_grid
Temple:   dshaligram_water_room_temple

Skill      XL: |  1  2  3  4  5  6  7  8  9 10 11 12 |
---------------+-------------------------------------+-----
Fighting       | 1 2 3 5 7 9 11 12 13 | 13.1
Earth Magic    | 3 5 6 |  6.0
Fire Magic     | 1 2 3 |  3.0
Dodging        | 2 3 |  3.0
Spellcasting   | 3 4 5 7 9 10 11 12 | 12.2
Stealth        | 2 3 |  3.0
Armour         | 1 3 |  3.0
Evocations     | 1 3 |  3.0
Conjurations   | 3 |  3.0

Action                     |  1- 3 |  4- 6 |  7- 9 | 10-12 || total
---------------------------+-------+-------+-------+-------++-------
  Melee: Staff             |    36 |    34 |     8 |       ||    78
         Touch             |     9 |     6 |     3 |     8 ||    26
         Lajatang          |       |       |    24 |     1 ||    25
         Unarmed           |       |       |     2 |       ||     2
         Flail             |       |       |       |    41 ||    41
         Whip              |       |       |       |     5 ||     5
   Cast: Sandblast         |    48 |    53 |    50 |    89 ||   240
         Stone Arrow       |       |     9 |    94 |   230 ||   333
         Scorch            |       |     1 |     3 |       ||     4
         Mephitic Cloud    |       |       |     1 |    21 ||    22
         Passwall          |       |       |       |     6 ||     6
  Evoke: Wand              |       |       |     3 |    11 ||    14
    Use: Scroll            |       |     3 |     1 |    14 ||    18
         Potion            |       |     2 |     4 |     2 ||     8
   Stab: Sleeping          |       |       |       |     1 ||     1
         Confused          |       |       |       |     6 ||     6
 Armour: Robe              |    38 |    71 |   119 |   182 ||   410
  Dodge: Dodged            |    32 |    73 |    98 |   194 ||   397
         Repelled          |       |       |       |    14 ||    14

Table legend: (Time is in decaauts)
 A = Elapsed time spent in this place.
 B = Non-inter-level travel time spent in this place.
 C = Inter-level travel time spent in this place.
 D = Time resting spent in this place.
 E = Time spent auto-exploring this place.
 F = Levels seen in this place.
 G = Mean time per level.
                   A        B        C        D        E       F      G
               +--------+--------+--------+--------+--------+-----+--------+
         Total |  16224 |  15570 |    654 |   4235 |   8073 |  15 | 1081.6 |
       Dungeon |  16166 |  15512 |    654 |   4235 |   8017 |  14 | 1154.7 |
        Temple |     57 |     57 |      0 |      0 |     56 |   1 |   57.0 |
               +--------+--------+--------+--------+--------+-----+--------+

Top non-repeatable levels by time:
     D:7: 2193 daAuts
    D:10: 1761 daAuts
     D:6: 1760 daAuts
    D:11: 1695 daAuts
     D:8: 1636 daAuts
     D:5: 1321 daAuts
     D:4: 1187 daAuts
    D:12: 940 daAuts
     D:9: 929 daAuts
     D:2: 866 daAuts
     D:1: 844 daAuts
     D:3: 797 daAuts
    D:15: 213 daAuts
  Temple: 57 daAuts
    D:14: 16 daAuts
